 Dungeon Crawl Stone Soup version 0.29.1-15-g9cfb28693d (webtiles) character file.

Game seed: 17472411270866974535

88 tizbic2 the Vexing (level 4, -2/33 (34) HPs)
             Began as a Human Enchanter on Apr 24, 2023.
             Was a Believer of Jiyva.
             Slain by a gnoll
             ... wielding a +0 flail
              (11 damage)
             ... on level 3 of the Dungeon.
             The game lasted 00:07:19 (1911 turns).

tizbic2 the Vexing (Human Enchanter)                Turns: 1911, Time: 00:07:19

HP:   -2/33 (34)    AC:  6    Str: 10    XL:     4   Next: 82%
MP:   8/8           EV: 10    Int: 15    God:    Jiyva [**....]
Gold: 67            SH:  0    Dex: 14    Spells: 6/8 levels left

rFire   . . .      SeeInvis .   y - +0 dagger (chaos)
rCold   . . .      Faith    .   (no shield)
rNeg    . . .      Spirit   .   k - +0 ring mail
rPois   .          Reflect  .   (no helmet)
rElec   .          Harm     .   (no cloak)
rCorr   +          Rampage  .   (no gloves)
Will    .....                   q - +0 pair of boots
Stlth   ++........              (no amulet)
HPRegen 1.07/turn               (no ring)
MPRegen 0.41/turn               (no ring)

@: lightly drained
A: no striking features
a: Renounce Religion


You were on level 3 of the Dungeon.
You worshipped Jiyva.
Jiyva was pleased with you.
You visited 1 branch of the dungeon, and saw 3 of its levels.

You collected 67 gold pieces.

Inventory:

Hand Weapons
 a - a +1 dagger
 h - a +0 whip
 m - a +0 spear
 u - a +0 flail
 x - a +0 short sword of draining
 y - a +0 dagger of chaos (weapon)
Missiles
 d - 17 stones (quivered)
 l - 6 javelins
Armour
 b - a +0 scale mail
 k - a +0 ring mail (worn)
 q - a +0 pair of boots (worn)
Scrolls
 f - a scroll of enchant weapon {unknown}
 g - a scroll of noise {unknown}
 j - a scroll of enchant armour {unknown}
 n - a scroll of magic mapping {unknown}
 o - a scroll of fear {unknown}
 p - a scroll of brand weapon {unknown}
 v - 2 scrolls of poison {unknown}
 w - a scroll of identify {unknown}
Potions
 c - 2 potions of invisibility
 e - a potion of curing {unknown}
 i - 2 potions of haste {unknown}
 r - a potion of heal wounds {unknown}
 s - 2 potions of brilliance {unknown}
 t - a potion of flight {unknown}


   Skills:
 * Level 2.5 Fighting
 - Level 1.0 Short Blades
 - Level 2.0 Dodging
 - Level 3.0 Stealth
 + Level 2.7 Spellcasting
 + Level 3.6 Hexes


You had 6 spell levels left.
You knew the following spells:

 Your Spells              Type           Power      Damage    Failure   Level
a - Ensorcelled Hibernat  Hex/Ice        14%        N/A       36%         2

Your spell library contained the following spells:

 Spells                   Type           Power      Damage    Failure   Level
 Slow                     Hex            48%        N/A       12%         1
 Confusing Touch          Hex            12%        N/A       36%         3
 Tukima's Dance           Hex            12%        N/A       36%         3
 Foxfire                  Conj/Fire      8%         2x1d4     47%         1
 Sandblast                Erth           4%         2d4       47%         1
 Dazzling Flash           Conj/Hex       14%        N/A       58%         3


Dungeon Overview and Level Annotations

Branches:
Dungeon (3/15)

Altars:
Makhleb
Xom
The Shining One
Jiyva

Shops:
D:1 *   D:2 [


Message History

The goblin shouts!
You closely miss the goblin. The goblin hits you but does no damage.
You hit the goblin.
The goblin is moderately wounded.
The goblin hits you with a +0 dagger.
You closely miss the goblin.
The goblin is moderately wounded.
The goblin barely misses you.
You hit the goblin.
You kill the goblin!
You see here a +0 dagger.
You hear a distant slurping noise.
A gnoll comes into view. It is wielding a +0 whip.
The gnoll shouts!
You hear a shout!
You hit the gnoll but do no damage. The gnoll hits you with a +0 whip.
You hit the gnoll. You drain the gnoll.
The gnoll is severely wounded.
The gnoll barely misses you.
You hit the gnoll but do no damage.
The gnoll flickers and vanishes!
Deactivating autopickup; reactivate with Ctrl-A.
Something hits you but does no damage.
A gnoll comes into view. It is wielding a +0 flail.
You hit something.
Nothing appears to happen.
You hit something but do no damage.
Nothing appears to happen.
Something hits you.
You hit something but do no damage. Something hits you but does no damage.
You hit something. The gnoll barely misses you. Something hits you.
You closely miss the gnoll. The gnoll hits you with a +0 flail.
Something hits you!
You hit the gnoll. You freeze the gnoll.
The gnoll is lightly wounded.
The gnoll hits you with a +0 flail. Something hits you. Something hits you!
The gnoll hits you but does no damage. The gnoll attacks as you move away!
The gnoll hits you with a +0 flail.
* * * LOW HITPOINT WARNING * * *
You completely miss the gnoll.
The gnoll is lightly wounded.
The gnoll hits you with a +0 flail!
You die...

#.#
#.....#....##.._##.#.###..
#.# #.##.###.##.'...##.#.#
#.# #)#
#.#.........#.._##.#.###.#
#.#
#.#..###.##.#####........#
#.#
#.#.#.#.###.###..###.#....
#.# #...##.##........#
#.#.... #.#
###.##.##.##..##.# #.##.##
#.#######.##.##.##..##.#
#......
#............##@##..##.#
####.##
#########.#####g##..##.#
#.............#.
#.##..####..##.# #.##..#
#>.# #.##..........
#.##..#..... ..
#.......#### # ####..#.#


You could see a gnoll.

Vanquished Creatures
  4 adders
  A dart slug (D:1)
  3 orcs (D:3)
  5 ball pythons
  4 bats
  An endoplasm (D:1)
  3 giant cockroaches
  4 goblins
  A hobgoblin (D:2)
  4 jackals
  2 quokkas
  3 frilled lizards (D:1)
  5 kobolds
  A rat (D:3)
41 creatures vanquished.

Vanquished Creatures (others)
  A crimson imp (D:3)
  A jelly (D:3)
  A gnoll (D:3)
  2 worms (D:3)
  2 bats
  2 endoplasms
  A hobgoblin (D:3)
  A jackal (D:1)
  A ball python (D:3)
  A goblin (D:3)
  4 fungi (D:1)
  6 plants (D:1)
23 creatures vanquished.

Grand Total: 64 creatures vanquished

Notes
Turn   | Place    | Note
-------+----------+-------------------------------------------
     0 | D:1      | tizbic2 the Human Enchanter began the quest for the Orb.
     0 | D:1      | Reached XP level 1. HP: 13/13 MP: 3/3
   274 | D:1      | Reached XP level 2. HP: 15/20 MP: 5/5
   353 | D:1      | Learned a level 2 spell: Ensorcelled Hibernation
   414 | D:1      | Found a faded altar of an unknown god.
   434 | D:1      | Prayed at the altar of an unknown god.
   434 | D:1      | Became a worshipper of Jiyva Jeomiug the Shapeless
   434 | D:1      | Reached * piety under Jiyva
   511 | D:1      | Reached skill level 1 in Fighting
   537 | D:1      | Found Hodgheysm's General Store.
   910 | D:1      | Reached XP level 3. HP: 26/26 MP: 6/6
  1275 | D:2      | Found Eckucwea's Armour Boutique.
  1355 | D:2      | Got Zamacixt's Magic for Initiates
  1363 | D:2      | Found a glowing golden altar of the Shining One.
  1416 | D:2      | Reached XP level 4. HP: 33/33 MP: 7/7
  1426 | D:2      | Reached ** piety under Jiyva
  1794 | D:3      | Found a burning altar of Makhleb.
  1794 | D:3      | Found a shimmering altar of Xom.
  1911 | D:3      | Slain by a gnoll

Illustrated notes

Levels and vault maps discovered:
D:1:      dpeg_arrival_lava_temple_mockup, layout_loops_ring, serial_shops,
          nicolae_shop_hallway_plus,
          dreamdust_ecumenical_altar_hidden_monk_grotto,
          chequers_serial_rivers_small_a, grunt_decor_cap, minmay_cut_off
D:2:      layout_rooms, serial_shops, shop, basic_altar, minmay_curled_crystal,
          minmay_pentomino_u4
D:3:      layout_loops_ring, grunt_temple_overflow_champion_of_chaos,
          lemuel_zombie_altar_kikubaaqudgha

Skill      XL: |  1  2  3 |
---------------+----------+-----
Fighting       | 1 2 |  2.5
Short Blades   | |  1.0
Dodging        | |  2.0
Stealth        | |  3.0
Spellcasting   | |  2.7
Hexes          | |  3.6

Action                   |  1- 3 |  4- 6 || total
-------------------------+-------+-------++-------
Melee: Dagger            |   139 |    95 ||   234
       Punch             |       |     1 ||     1
 Cast: Ensorcelled Hiber |     1 |     1 ||     2
 Stab: Sleeping          |     3 |     3 ||     6
Armor: Robe              |    11 |       ||    11
       Scale mail        |    19 |       ||    19
       Ring mail         |    44 |    64 ||   108
Dodge: Dodged            |    94 |    64 ||   158
